 Dungeon Crawl Stone Soup version 0.28-a0-862-g58c29a6370 (webtiles) character file.

Game seed: 834713131293225919

74 Ijustatesigmund the Skirmisher (level 4, -2/30 HPs)
             Began as a Gargoyle Fighter on Nov 16, 2021.
             Slain by Sigmund (4 damage)
             ... on level 2 of the Dungeon.
             The game lasted 00:02:21 (2025 turns).

Ijustatesigmund the Skirmisher (Gargoyle Fighter)   Turns: 2025, Time: 00:02:22

Health: -2/30      AC: 10    Str: 20      XL:     4   Next: 28%
Magic:  4/4        EV:  9    Int:  8 (9)  God:
Gold:   89         SH:  0    Dex:  8 (9)  Spells: 2/3 levels left

rFire   . . .      SeeInvis .   a - +0 flail
rCold   . . .      Faith    .   c - +1 buckler
rNeg    + . .      Spirit   .   b - +0 scale mail
rPois   ∞          Reflect  .   (no helmet)
rElec   +          Harm     .   (no cloak)
rCorr   .          Rampage  .   (no gloves)
Will    .....                   (no boots)
Stlth   ..........              (no amulet)
HPRegen 0.10/turn               (no ring)
MPRegen 0.09/turn               (no ring)

@: confused, mighty
A: sickness immunity, AC +3, negative energy resistance 1, electricity
resistance, torment resistance 1, petrification resistance, deterioration 1
a: no special abilities


You were on level 2 of the Dungeon.
You visited 1 branch of the dungeon, and saw 2 of its levels.

You collected 89 gold pieces.

Inventory:

Hand Weapons
 a - a +0 flail (weapon)
Armour
 b - a +0 scale mail (worn)
 c - a +1 buckler (worn)


   Skills:
 + Level 4.5 Fighting
 + Level 3.4 Maces & Flails
 - Level 3.2 Armour
 - Level 3.2 Shields


You had 2 spell levels left.
You knew the following spells:

 Your Spells              Type           Power      Damage    Failure   Level
a - Apportation           Tloc           0%         N/A       80%         1

Your spell library contained the following spells:

 Spells                   Type           Power      Damage    Failure   Level
 Alistair's Intoxication  Tmut/Pois      0%         N/A       100%        5


Dungeon Overview and Level Annotations

Branches:
Dungeon (2/15)

Altars:

Annotations:
D:2 Sigmund


Innate Abilities, Weirdness & Mutations

You are immune to sickness and miasma.
Your stone body is resilient. (AC +3)
You are immune to poison.
You resist negative energy. (rN+)
You are resistant to electric shocks. (rElec)
You are resistant to unholy torment.
You are immune to petrification.
Your body sometimes deteriorates upon taking damage.


Message History

The puff of flame hits you. Sigmund casts a spell at you.
You are confused.
An adder comes into view.
Sigmund hits you with a +0 scythe.
You closely miss Sigmund.
The adder hisses angrily.
A bat comes into view.
Sigmund closely misses you.
The bat moves out of view.
You bump into the rock wall.
Sigmund hits you with a +0 scythe.
You bump into the rock wall.
You bump into the rock wall.
Sigmund casts a spell at you.
You are more confused.
You bump into the rock wall.
Sigmund points at you and mumbles some strange words.
You are more confused.
You bump into the rock wall.
Sigmund hits you with a +0 scythe!
Your body deteriorates!
You feel clumsy.
You bump into the rock wall.
Sigmund breathes a few words.
Sigmund's hands start flickering wildly.
Sigmund hits you but does no damage.
You barely miss Sigmund.
You bump into the rock wall.
Sigmund hits you with a +0 scythe!
* * * LOW HITPOINT WARNING * * *
You sock Sigmund!
Sigmund is moderately wounded.
Sigmund closely misses you.
You sock Sigmund!
Sigmund is severely wounded.
Sigmund hits you with a +0 scythe.
* * * LOW HITPOINT WARNING * * *
You aren't carrying any potions.
You completely miss Sigmund.
Sigmund is severely wounded.
You miss Sigmund.
Sigmund is severely wounded.
Sigmund hits you with a +0 scythe.
You die...

#..........# #....#
##################....##
#....†.....#
#..........# ###
#..........# ....
#..........# .....
#######.####
......############.#
.....S@@...........#####
.....b###..........##...
...................##...
#########..........##...
#..........##...
#..........##...
#..........###.#
#..........# #.#
#.......?..###.#


You could see Sigmund, an adder and a bat.

Vanquished Creatures
  2 adders (D:2)
  2 worms (D:2)
  5 endoplasms (D:1)
  A giant cockroach (D:1)
  5 goblins
  3 hobgoblins (D:1)
  5 jackals
  3 kobolds
  2 quokkas (D:1)
  5 ball pythons
  6 bats
  3 frilled lizards (D:1)
  5 rats
  A spectral hobgoblin (D:1)
48 creatures vanquished.

Notes
Turn   | Place    | Note
-------+----------+-------------------------------------------
     0 | D:1      | Ijustatesigmund the Gargoyle Fighter began the quest for
                  | the Orb.
     0 | D:1      | Reached XP level 1. HP: 14/14 MP: 1/1
   190 | D:1      | Reached XP level 2. HP: 14/19 MP: 2/2
   934 | D:1      | Found a faded altar of an unknown god.
   957 | D:1      | Reached skill level 4 in Fighting
   957 | D:1      | Reached XP level 3. HP: 24/24 MP: 3/3
   960 | D:1      | Gained mutation: You are somewhat resistant to further
                  | mutation. [potion of mutation]
   961 | D:1      | Lost mutation: You are somewhat resistant to further
                  | mutation. [potion of mutation]
   961 | D:1      | Gained mutation: You are somewhat resistant to further
                  | mutation. [potion of mutation]
   962 | D:1      | Lost mutation: You are somewhat resistant to further
                  | mutation. [potion of mutation]
   962 | D:1      | Gained mutation: Your body sometimes deteriorates upon
                  | taking damage. [potion of mutation]
  1066 | D:1      | Learned a level 1 spell: Apportation
  1806 | D:2      | Reached XP level 4. HP: 22/30 MP: 4/4
  2009 | D:2      | Noticed Sigmund
  2025 | D:2      | Slain by Sigmund

Illustrated notes

Levels and vault maps discovered:
D:1:      dpeg_arrival_refuge, layout_basic,
          dreamdust_ecumenical_altar_drowned_temple
D:2:      layout_basic, uniq_sigmund

Skill      XL: |  1  2  3 |
---------------+----------+-----
Fighting       | 4 |  4.5
Maces & Flails | 3 |  3.4
Armour         | |  3.2
Shields        | |  3.2

Action                   |  1- 3 |  4- 6 || total
-------------------------+-------+-------++-------
Melee: Flail             |   163 |    14 ||   177
  Use: Scroll            |     5 |       ||     5
       Potion            |     3 |     1 ||     4
Armor: Scale mail        |   112 |     6 ||   118
Dodge: Dodged            |    75 |     9 ||    84
Block: Buckler           |    52 |     6 ||    58

Table legend: (Time is in decaauts)
 A = Elapsed time spent in this place.
 B = Non-inter-level travel time spent in this place.
 C = Inter-level travel time spent in this place.
 D = Time resting spent in this place.
 E = Time spent auto-exploring this place.
 F = Levels seen in this place.
 G = Mean time per level.
                   A        B        C        D        E       F      G
               +--------+--------+--------+--------+--------+-----+--------+
         Total |   2079 |   2062 |     17 |    169 |   1514 |   2 | 1039.5 |
       Dungeon |   2079 |   2062 |     17 |    169 |   1514 |   2 | 1039.5 |
               +--------+--------+--------+--------+--------+-----+--------+

Top non-repeatable levels by time:
     D:1: 1285 daAuts
     D:2: 793 daAuts
